cohdb
Replays
Latest Replays
All Replays
Popular Replays
Top Player Replays
Match Explorer
How It Works
Community
CoH3 Stats
Reddit
Sign in to upload your games and track your stats! →
Sign in with Steam
Match 42617153
Unlisted
Match 42617153
Overview
Messages
Build Orders
End
Pioneer Squad
Construct Infanterie Kompanie
Selects Mechanized Battlegroup
Grenadier Squad
MG 42 Machine Gun Team
Grenadier Squad
Grenadier Squad
Construct Luftwaffe Kompanie
Construct Luftwaffe Kompanie
Jäger Squad
Selects Raid Package
Selects StuG Assault Group
StuG Assault Group
StuG Assault Group
Monsieur Nathan
DangerouslyDumb
Right Click God
Komrad Dyatlov
T.R. Thoton
Crow
Flankenheinz
PMC
0
0
Comments
sign in to comment!
No comments posted yet!